PAAA
JERSEY CITY TRITONS @ SALT LAKE CITY BUZZ
07/10/2029
 
TOP OF THE 1ST
Jersey City Tritons batting - Pitching for Salt Lake City Buzz : RHP Ben Hopley
Pitching: RHP Ben Hopley
Batting: RHB Dave Yates 0-0: Bunt for hit - play at first, batter safe!
Batting: RHB Colt Cabana 0-0: Ball
1-0: Ball
2-0: Ball
3-0: Base on Balls
Dave Yates to second
Batting: LHB Chia-ch'ing Dodman 0-0: Called Strike
0-1: Swinging Strike
0-2: Strikes out swinging
Batting: RHB Zahid Kashani 0-0: Ball
1-0: Ball
Dave Yates steals 3rd base
Colt Cabana to second
2-0: Ball
3-0: Called Strike
3-1: Foul Ball, location: 2F
3-2: Foul Ball, location: 2F
3-2: Foul Ball, location: 2F
3-2: Foul Ball, location: 2F
3-2: Foul Ball, location: 2F
3-2: Fly out, F6 (Popup, 6)
Batting: RHB Vincent Vega 0-0: Ball
1-0: Ground out 1-3 (Groundball, 15S)
Top of the 1st over - 0 runs, 1 hit, 0 errors, 2 left on base; Jersey City 0 - Salt Lake City 0
BOTTOM OF THE 1ST
Salt Lake City Buzz batting - Pitching for Jersey City Tritons : RHP Ricardo Rodríguez
Pitching: RHP Ricardo Rodríguez
Batting: LHB Mike Gillespie 0-0: Ground out 5-3 (Groundball, 56)
Batting: RHB Jung-hwan Kwon 0-0: Ball
1-0: Ball
2-0: Called Strike
2-1: Fly out, F8 (Flyball, 78M)
Batting: SHB Félix Medina 0-0: Called Strike
0-1: Foul Ball, location: 2F
0-2: Ball
1-2: SINGLE (Line Drive, 56D)
Batting: LHB Qi-zhen Loong 0-0: Ball
Félix Medina steals 2nd base
1-0: Foul Ball, location: 2F
1-1: Foul Ball, location: 2F
1-2: Ball
2-2: Foul Ball, location: 2F
2-2: Ball
3-2: Foul Ball, location: 2F
3-2: SINGLE (Groundball, 56D)
Félix Medina to third
Félix Medina scores
Batting: LHB Tim Waters 0-0: Ball
1-0: Ball
2-0: Foul Ball, location: 2F
2-1: Ball
3-1: Called Strike
3-2: Ground out 6-3 (Groundball, 56)
Bottom of the 1st over - 1 run, 2 hits, 0 errors, 1 left on base; Jersey City 0 - Salt Lake City 1
TOP OF THE 2ND
Jersey City Tritons batting - Pitching for Salt Lake City Buzz : RHP Ben Hopley
Batting: RHB Rudko Hrnjak 0-0: Ball
1-0: Called Strike
1-1: Ball
2-1: Single, Error in OF, E7, batter to second base
Batting: LHB Francisco Ornelas 0-0: Fly out, F8 (Flyball, 8RD)
Batting: SHB John Krog 0-0: Called Strike
0-1: Foul Ball, location: 2F
0-2: Fly out, F4 (Popup, 34S)
Batting: RHB Edgar Baeza 0-0: Foul Ball, location: 2F
0-1: Hit by Pitch
Batting: RHB Dave Yates 0-0: Fly out, F8 (Line Drive, 78D)
Top of the 2nd over - 0 runs, 1 hit, 1 error, 2 left on base; Jersey City 0 - Salt Lake City 1
BOTTOM OF THE 2ND
Salt Lake City Buzz batting - Pitching for Jersey City Tritons : RHP Ricardo Rodríguez
Batting: LHB Jorge Greenbaum 0-0: Ground out 5-3 (Groundball, 56)
Batting: RHB Vicente Cruz 0-0: Called Strike
0-1: Ball
1-1: Ball
2-1: Foul Ball, location: 2F
2-2: Ball
3-2: Foul Ball, location: 2F
3-2: Foul Ball, location: 2F
3-2: Base on Balls
Batting: RHB Alejandro Herrera 0-0: Ball
1-0: Foul Ball, location: 2F
1-1: Called Strike
1-2: Ball
2-2: Fly out, F1 (Line Drive, 15)
Batting: RHB Justin MacPherson 0-0: Ball
1-0: Foul Ball, location: 2F
1-1: Ball
2-1: Ball
3-1: Base on Balls
Vicente Cruz to second
Batting: LHB Mike Gillespie 0-0: Ball
1-0: Ball
2-0: Called Strike
2-1: Foul Ball, location: 2F
2-2: Foul Ball, location: 2F
2-2: Foul Ball, location: 2F
2-2: Foul Ball, location: 2F
2-2: Ball
3-2: SINGLE (Groundball, 56D)
Vicente Cruz to third
Justin MacPherson to second
Vicente Cruz scores
Justin MacPherson to third
Batting: RHB Jung-hwan Kwon 0-0: Ball
1-0: Fly out, F3 (Line Drive, 34)
Bottom of the 2nd over - 1 run, 1 hit, 0 errors, 2 left on base; Jersey City 0 - Salt Lake City 2
TOP OF THE 3RD
Jersey City Tritons batting - Pitching for Salt Lake City Buzz : RHP Ben Hopley
Batting: RHB Colt Cabana 0-0: Ball
1-0: Ball
2-0: Bunt for hit - play at first, batter OUT! 3-4
Batting: LHB Chia-ch'ing Dodman 0-0: Ball
1-0: Ball
2-0: Foul Ball, location: 2F
2-1: Ball
3-1: Called Strike
3-2: Base on Balls
Batting: RHB Zahid Kashani 0-0: Foul Ball, location: 2F
0-1: Called Strike
0-2: Ball
1-2: Fielders Choice at 2nd, 1-6 (Groundball, 13)
Batting: RHB Vincent Vega 0-0: Called Strike
0-1: Ball
1-1: Ball
2-1: SINGLE (Flyball, 9LS)
Zahid Kashani to second
Runner from 2nd tries for 3rd, SAFE, no throw
Batting: RHB Rudko Hrnjak 0-0: Ball
Wild Pitch!
Zahid Kashani scores
Vincent Vega to second
1-0: Foul Ball, location: 2F
1-1: Ball
2-1: Called Strike
2-2: Foul Ball, location: 2F
2-2: Fly out, F9 (Line Drive, 9S)
Top of the 3rd over - 1 run, 1 hit, 0 errors, 1 left on base; Jersey City 1 - Salt Lake City 2
BOTTOM OF THE 3RD
Salt Lake City Buzz batting - Pitching for Jersey City Tritons : RHP Ricardo Rodríguez
Batting: SHB Félix Medina 0-0: Fly out, F6 (Flyball, 56D)
Batting: LHB Qi-zhen Loong 0-0: Ball
1-0: Called Strike
1-1: Foul Ball, location: 2F
1-2: Foul Ball, location: 2F
1-2: Ball
2-2: Ground out 6-3 (Groundball, 6)
Batting: LHB Tim Waters 0-0: Ball
1-0: Foul Ball, location: 2F
1-1: Swinging Strike
1-2: Ball
2-2: Ball
3-2: Ground out 1-3 (Groundball, 13S)
Bottom of the 3rd over - 0 runs, 0 hits, 0 errors, 0 left on base; Jersey City 1 - Salt Lake City 2
TOP OF THE 4TH
Jersey City Tritons batting - Pitching for Salt Lake City Buzz : RHP Ben Hopley
Batting: LHB Francisco Ornelas 0-0: Ball
1-0: Ball
2-0: Ball
3-0: Base on Balls
Batting: SHB John Krog 0-0: DOUBLE (Flyball, 8RD)
Francisco Ornelas to third
Batting: RHB Edgar Baeza 0-0: Ball
1-0: Ball
2-0: Called Strike
2-1: Ground out 6-3 (Groundball, 6)
Francisco Ornelas scores
Batting: RHB Dave Yates 0-0: Ball
1-0: Ball
2-0: Ball
3-0: Called Strike
3-1: Base on Balls
Batting: RHB Colt Cabana 0-0: Foul Ball, location: 2F
0-1: Swinging Strike
0-2: Ball
1-2: Strikes out swinging
Batting: LHB Chia-ch'ing Dodman 0-0: Called Strike
0-1: Ground out 3-1 (Groundball, 34)
Top of the 4th over - 1 run, 1 hit, 0 errors, 2 left on base; Jersey City 2 - Salt Lake City 2
BOTTOM OF THE 4TH
Salt Lake City Buzz batting - Pitching for Jersey City Tritons : RHP Ricardo Rodríguez
Batting: LHB Jorge Greenbaum 0-0: Called Strike
0-1: Called Strike
0-2: Ball
1-2: Ball
2-2: Strikes out looking
Batting: RHB Vicente Cruz 0-0: Ball
1-0: Swinging Strike
1-1: Foul Ball, location: 2F
1-2: Ball
2-2: Foul Ball, location: 2F
2-2: Ball
3-2: Strikes out looking
Batting: RHB Alejandro Herrera 0-0: Ball
1-0: Called Strike
1-1: Ground out 3-1 (Groundball, 34S)
Bottom of the 4th over - 0 runs, 0 hits, 0 errors, 0 left on base; Jersey City 2 - Salt Lake City 2
TOP OF THE 5TH
Jersey City Tritons batting - Pitching for Salt Lake City Buzz : RHP Ben Hopley
Batting: RHB Zahid Kashani 0-0: Called Strike
0-1: Ground out 6-3 (Groundball, 6)
Batting: RHB Vincent Vega 0-0: Ball
1-0: Called Strike
1-1: Ball
2-1: Foul Ball, location: 2F
2-2: Foul Ball, location: 2F
2-2: Ball
3-2: Foul Ball, location: 2F
3-2: Ground out 5-3 (Groundball, 5S)
Batting: RHB Rudko Hrnjak 0-0: Ball
1-0: Foul Ball, location: 2F
1-1: Swinging Strike
1-2: Foul Ball, location: 2F
1-2: Hit by Pitch
Batting: LHB Francisco Ornelas 0-0: Called Strike
0-1: Ball
1-1: DOUBLE (Line Drive, 7LM)
Rudko Hrnjak to third
Runner from 3rd tries for Home, SAFE, no throw
Batting: SHB John Krog 0-0: Ball
1-0: Called Strike
1-1: Ball
2-1: Called Strike
2-2: Strikes out looking
Top of the 5th over - 1 run, 1 hit, 0 errors, 1 left on base; Jersey City 3 - Salt Lake City 2
BOTTOM OF THE 5TH
Salt Lake City Buzz batting - Pitching for Jersey City Tritons : RHP Ricardo Rodríguez
Batting: RHB Justin MacPherson 0-0: Ball
1-0: Foul Ball, location: 2F
1-1: Swinging Strike
1-2: Strikes out swinging
Batting: LHB Mike Gillespie 0-0: Called Strike
0-1: Called Strike
0-2: Ball
1-2: SINGLE (Flyball, 7S)
Batting: RHB Jung-hwan Kwon 0-0: Called Strike
0-1: Fly out, F8 (Flyball, 8LM)
Batting: SHB Félix Medina 0-0: Called Strike
0-1: Fly out, F7 (Flyball, 7S)
Bottom of the 5th over - 0 runs, 1 hit, 0 errors, 1 left on base; Jersey City 3 - Salt Lake City 2
TOP OF THE 6TH
Jersey City Tritons batting - Pitching for Salt Lake City Buzz : RHP Ben Hopley
Batting: RHB Edgar Baeza 0-0: Ball
1-0: Called Strike
1-1: Ball
2-1: Swinging Strike
2-2: Ball
3-2: Strikes out swinging
Batting: RHB Dave Yates 0-0: Ball
1-0: Ball
2-0: SINGLE (Groundball, 6D)
Batting: RHB Colt Cabana 0-0: Ball
1-0: Ball
2-0: Ball
3-0: Called Strike
3-1: Base on Balls
Dave Yates to second
Pitching: LHP Léonard Moreau
Batting: LHB Chia-ch'ing Dodman 0-0: Ball
Wild Pitch!
Dave Yates to third
Colt Cabana to second
1-0: Ball
2-0: Swinging Strike
2-1: Fly out, F9 (Flyball, 9LSF)
Runner from 3rd tags up, SCORES, no throw
Batting: RHB Zahid Kashani 0-0: Ball
1-0: Called Strike
1-1: Swinging Strike
1-2: 2-RUN HOME RUN (Flyball, 7D), Distance : 395 ft
Batting: RHB Vincent Vega 0-0: Ground out 5-3 (Groundball, 56S)
Top of the 6th over - 3 runs, 2 hits, 0 errors, 0 left on base; Jersey City 6 - Salt Lake City 2
BOTTOM OF THE 6TH
Salt Lake City Buzz batting - Pitching for Jersey City Tritons : RHP Ricardo Rodríguez
Batting: LHB Qi-zhen Loong 0-0: Ball
1-0: Called Strike
1-1: Ball
2-1: Foul Ball, location: 2F
2-2: Ball
3-2: SINGLE (Line Drive, 6MD)
Batting: LHB Tim Waters 0-0: Ball
1-0: Called Strike
1-1: Called Strike
1-2: Ball
2-2: Ball
3-2: Base on Balls
Qi-zhen Loong to second
Pitching: RHP Kenny Makris
Batting: LHB Jorge Greenbaum 0-0: Swinging Strike
0-1: Called Strike
0-2: Foul Ball, location: 2F
0-2: Ball
1-2: Strikes out swinging
Batting: RHB Vicente Cruz 0-0: Ball
1-0: Called Strike
1-1: Swinging Strike
1-2: Strikes out swinging
Batting: RHB Alejandro Herrera 0-0: Ground out 4-3 (Groundball, 34)
Bottom of the 6th over - 0 runs, 1 hit, 0 errors, 2 left on base; Jersey City 6 - Salt Lake City 2
TOP OF THE 7TH
Jersey City Tritons batting - Pitching for Salt Lake City Buzz : LHP Léonard Moreau
Batting: RHB Rudko Hrnjak 0-0: Ball
1-0: Swinging Strike
1-1: Ball
2-1: Foul Ball, location: 2F
2-2: Ball
3-2: Ground out 5-3 (Groundball, 56)
Batting: LHB Francisco Ornelas 0-0: Foul Ball, location: 2F
0-1: Ground out U3 (Groundball, 3)
Batting: SHB John Krog 0-0: Ball
1-0: Called Strike
1-1: Swinging Strike
1-2: Strikes out swinging
Top of the 7th over - 0 runs, 0 hits, 0 errors, 0 left on base; Jersey City 6 - Salt Lake City 2
BOTTOM OF THE 7TH
Salt Lake City Buzz batting - Pitching for Jersey City Tritons : RHP Kenny Makris
Batting: RHB Justin MacPherson 0-0: Fly out, F6 (Popup, 6)
Batting: LHB Mike Gillespie 0-0: Ball
1-0: Reached on error, E7 (Flyball, 7)
Batting: RHB Jung-hwan Kwon 0-0: Called Strike
0-1: Called Strike
0-2: Ball
1-2: SINGLE (Flyball, 89S)
Mike Gillespie to second
Runner from 2nd tries for 3rd, SAFE, no throw
Batting: SHB Félix Medina 0-0: Swinging Strike
0-1: Ball
1-1: Fly out, F2 (Popup, 25F)
Batting: LHB Qi-zhen Loong 0-0: Ball
1-0: Ball
2-0: Ball
3-0: Fly out, F9 (Flyball, 9S)
Bottom of the 7th over - 0 runs, 1 hit, 1 error, 2 left on base; Jersey City 6 - Salt Lake City 2
TOP OF THE 8TH
Jersey City Tritons batting - Pitching for Salt Lake City Buzz : LHP Léonard Moreau
Batting: RHB Edgar Baeza 0-0: Ball
1-0: Ball
2-0: Fly out, F7 (Line Drive, 7)
Batting: RHB Dave Yates 0-0: Ball
1-0: Called Strike
1-1: Called Strike
1-2: Strikes out swinging
Batting: RHB Colt Cabana 0-0: Fly out, F8 (Flyball, 8LM)
Top of the 8th over - 0 runs, 0 hits, 0 errors, 0 left on base; Jersey City 6 - Salt Lake City 2
BOTTOM OF THE 8TH
Salt Lake City Buzz batting - Pitching for Jersey City Tritons : RHP Kenny Makris
Batting: LHB Tim Waters 0-0: Foul Ball, location: 2F
0-1: Ball
1-1: Ball
2-1: Fly out, F7 (Flyball, 7S)
Batting: LHB Jorge Greenbaum 0-0: Swinging Strike
0-1: Ground out 4-3 (Groundball, 4)
Batting: RHB Vicente Cruz 0-0: Ball
1-0: Ball
2-0: Foul Ball, location: 2F
2-1: Foul Ball, location: 2F
2-2: Foul Ball, location: 2F
2-2: Ground out 4-3 (Groundball, 4)
Bottom of the 8th over - 0 runs, 0 hits, 0 errors, 0 left on base; Jersey City 6 - Salt Lake City 2
TOP OF THE 9TH
Jersey City Tritons batting - Pitching for Salt Lake City Buzz : LHP Léonard Moreau
Pitching: RHP Lorenzo López
Batting: LHB Chia-ch'ing Dodman 0-0: SINGLE (Flyball, 89M)
Batting: RHB Zahid Kashani 0-0: Ball
1-0: Swinging Strike
1-1: Swinging Strike
1-2: Strikes out swinging
Batting: RHB Vincent Vega 0-0: Called Strike
0-1: Foul Ball, location: 2F
0-2: Ball
1-2: Ball
2-2: Ball
3-2: Strikes out swinging
Batting: RHB Rudko Hrnjak 0-0: Ball
1-0: Ball
2-0: Swinging Strike
2-1: Ball
3-1: Foul Ball, location: 2F
3-2: Base on Balls
Chia-ch'ing Dodman to second
Batting: LHB Francisco Ornelas 0-0: Called Strike
0-1: Foul Ball, location: 2F
0-2: Foul Ball, location: 2F
0-2: Ball
1-2: Ball
2-2: Foul Ball, location: 2F
2-2: Ball
3-2: SINGLE (Groundball, 34D)
Chia-ch'ing Dodman to third
Rudko Hrnjak to second
Chia-ch'ing Dodman scores
Rudko Hrnjak to third
Batting: SHB John Krog 0-0: Foul Ball, location: 2F
0-1: Foul Ball, location: 2F
0-2: Ball
1-2: Ground out 4-3 (Groundball, 4M)
Top of the 9th over - 1 run, 2 hits, 0 errors, 2 left on base; Jersey City 7 - Salt Lake City 2
BOTTOM OF THE 9TH
Salt Lake City Buzz batting - Pitching for Jersey City Tritons : RHP Kenny Makris
Now at C: Stephen Crouch
Now at 1B: Ludovic Michel
Now at 3B: Vince Barrowcliff
Now at SS: Gabriel Guerrero
Batting: RHB Alejandro Herrera 0-0: Ball
1-0: Called Strike
1-1: Foul Ball, location: 2F
1-2: Ball
2-2: Foul Ball, location: 2F
2-2: Strikes out looking
Batting: RHB Justin MacPherson 0-0: Called Strike
0-1: SINGLE (Groundball, 56D)
Batting: LHB Mike Gillespie 0-0: Called Strike
0-1: Ball
1-1: Ball
2-1: Swinging Strike
2-2: Strikes out looking
Batting: RHB Jung-hwan Kwon 0-0: Foul Ball, location: 2F
0-1: Ball
1-1: Foul Ball, location: 2F
1-2: Ball
2-2: Ball
3-2: Ground out 5-3 (Groundball, 56S)
Bottom of the 9th over - 0 runs, 1 hit, 0 errors, 1 left on base; Jersey City 7 - Salt Lake City 2
Tuesday, December 19th, 2017 - OOTP Baseball 18.8 Build 76